 Dungeon Crawl Stone Soup version 0.22.0-75-g3901e79 (webtiles) character file.

14772 inc the Archer (level 11, -1/71 HPs)
             Began as a Mummy Fire Elementalist on Sept 12, 2018.
             Was an Initiate of Gozag.
             Slain by a troll (9 damage)
             ... on level 12 of the Dungeon.
             The game lasted 00:29:50 (13654 turns).

inc the Archer (Mummy Fire Elementalist)           Turns: 13654, Time: 00:29:51

Health: -1/71      AC:  6    Str: 12    XL:     11   Next: 93%
Magic:  11/22      EV: 12    Int: 17    God:    Gozag
Gold:   2254       SH:  0    Dex: 13    Spells: 14/25 levels left

rFire    x . .     SeeInvis .   q - +8 storm bow {elec}
rCold    + . .     Gourm    .   (shield currently unavailable)
rNeg     + + +     Faith    .   a - +0 robe
rPois    ∞         Spirit   .   l - +0 helmet
rElec    .         Reflect  .   g - +0 cloak
rCorr    +         Harm     .   (no gloves)
MR       +....                  B - +1 pair of boots
Stlth    ++........             (no amulet)
HPRegen  0.21/turn              h - ring of resist corrosion
MPRegen  0.18/turn              k - ring of wizardry

@: no status effects
A: no food or potions, fire vulnerability, cold resistance 1, negative energy
resistance 3, torment resistance, unbreathing
a: Potion Petition, Call Merchant, Bribe Branch, Renounce Religion


You were on level 12 of the Dungeon.
You worshipped Gozag.
Gozag was most pleased with you.
You were not hungry.

You visited 2 branches of the dungeon, and saw 13 of its levels.

You collected 2480 gold pieces.
You paid 226 gold pieces to Gozag.

Inventory:

Hand Weapons
 c - a +3 short sword
 q - the +8 storm bow (weapon) {elec}
   (You found it on level 6 of the Dungeon)

   It charges the ammunition it shoots with electricity; occasionally upon a
   hit, such missiles may discharge and cause terrible harm.
Missiles
 s - 181 arrows (quivered)
Armour
 a - a +0 robe (worn)
 g - a +0 cloak (worn)
 l - a +0 helmet (worn)
 B - a +1 pair of boots (worn)
Jewellery
 h - a ring of resist corrosion (left hand)
 k - a ring of wizardry (right hand)
 o - an uncursed amulet of harm
 w - a cursed amulet of inaccuracy
 z - an uncursed ring of stealth
 C - the ring of Piesa {rN+ AC+2 SInv, unknown}
   (You found it on level 12 of the Dungeon)

   [ring of protection]

   It affects your AC (+2).
   It protects you from negative energy.
   It lets you see invisible.
Wands
 f - a wand of digging (8)
 m - a wand of random effects (37)
 u - a wand of polymorph (13)
 A - a wand of disintegration (16)
Scrolls
 b - 2 scrolls of teleportation
 d - 4 scrolls of magic mapping
 e - 3 scrolls of amnesia
 i - 4 scrolls of remove curse {unknown}
 j - 2 scrolls of blinking {unknown}
 n - 3 scrolls of identify
 p - 2 scrolls of enchant armour
 r - 3 scrolls of fog {unknown}
 t - a scroll of immolation {unknown}
 v - a scroll of random uselessness {unknown}
 x - a scroll of enchant weapon {unknown}
 y - a scroll of vulnerability {unknown}


   Skills:
 - Level 1.6 Fighting
 - Level 0.8 Short Blades
 + Level 13.1 Bows
 - Level 2.3 Dodging
 - Level 2.7 Stealth
 - Level 7.7 Spellcasting
 - Level 4.8 Conjurations
 - Level 5.5 Fire Magic


You had 14 spell levels left.
You knew the following spells:

 Your Spells              Type           Power        Failure   Level  Hunger
a - Flame Tongue          Conj/Fire      ###..        1%          1    N/A
b - Conjure Flame         Conj/Fire      ###.....     1%          3    N/A
c - Sticky Flame          Conj/Fire      ###.....     5%          4    N/A
e - Inner Flame           Hex/Fire       ###.....     4%          3    N/A

Your spell library contained the following spells:

 Spells                   Type           Power        Failure   Level  Hunger
 Magic Dart               Conj           ###.         1%          1    N/A
 Searing Ray              Conj           ###...       1%          2    N/A
 Throw Flame              Conj/Fire      ###...       1%          2    N/A
 Animate Skeleton         Necr           N/A          4%          1    N/A
 Apportation              Tloc           #.....       4%          1    N/A
 Confusing Touch          Hex            #.....       4%          1    N/A
 Corona                   Hex            #......      4%          1    N/A
 Summon Small Mammal      Summ           #...         4%          1    N/A
 Dazzling Spray           Conj/Hex       ##....       4%          3    N/A
 Ensorcelled Hibernation  Hex/Ice        #.....       6%          2    N/A
 Iskenderun's Mystic Bla  Conj           ###.....     6%          4    N/A
 Confuse                  Hex            #.......     13%         3    N/A
 Tukima's Dance           Hex            #.......     13%         3    N/A
 Fireball                 Conj/Fire      ###.......   14%         5    N/A
 Force Lance              Conj/Tloc      ##......     16%         4    N/A
 Fulminant Prism          Conj/Hex       ##........   16%         4    N/A

Dungeon Overview and Level Annotations

Branches:
Dungeon (12/15)            Temple (0/1) D:4            Lair (1/6) D:9
    Orc: D:9-12

Altars:
Ashenzari
Dithmenos
Gozag
Hepliaklqana
Kikubaaqudgha
Okawaru
Qazlal
Ru
Trog
Uskayaw
Wu Jian
Xom
Yredelemnul
The Shining One

Annotations:
D:2 Sigmund
D:3 3 runed doors, Zorot's ghost, weakling DEFE
D:9 Josephine
D:10 2 runed doors, Friendofdean's ghost, novice DsFi
D:12 Erolcha


Innate Abilities, Weirdness & Mutations

You do not eat or drink.
Your flesh is vulnerable to fire.
You are immune to poison.
Your flesh is cold resistant. (rC+)
You are immune to negative energy. (rN+++)
You are immune to unholy pain and torment.
You can survive without breathing.


Message History

The troll barely misses you. The troll claws you but does no damage.
The troll misses you.
Erolcha hits you with an enchanted giant club!!
Erolcha burns!
Casting: Sticky Flame (safe; 5% risk of failure)
Confirm with . or Enter, or press ? or * to list all spells.
Aiming: Sticky Flame (safe; 5% risk of failure)
Press: ? - help, Shift-Dir - straight line, f - troll, p - Erolcha
Aim: a troll (severely wounded)
The sticky flame hits the troll.
The troll is severely wounded.
The troll is covered in liquid flames!
Erolcha burns!
The troll burns!
Erolcha screams, "Erolcha kill you!"
Erolcha hits you with an enchanted giant club!!
* * * LOW HITPOINT WARNING * * *
The troll bites you.
* * * LOW HITPOINT WARNING * * *
The troll closely misses you. The troll claws you!
You die...
Your body crumbles into a pile of gold.

##......###...# ###....!#
##..##.......#######...#.#
####.####..##...##....###
#<...........##.##.#...#
#........###.##....#.#....#
#................###.####.#
#....................... ..
#........###.........###..
.
#.......####.#.#@........#
#.......# #..#..OT..#.....
#.......###.######o.......
#.......#...####.......#..
########..##.....###......
#..##..#...# #.....
###.###.##.o.# .....
#...##..##......# ....
###.####.###.....## #..


You could see Erolcha (burning), a troll (burning) and an orc.

Vanquished Creatures
  A two-headed ogre (D:10)
  A skeletal warrior (D:9)
  2 ugly things (D:11)
  A cyclops (D:11)
  Psyche (D:8)
  Joseph (D:7)
  2 hornets
  3 trolls
  2 hippogriffs
  3 shadows (D:9)
  2 flying skulls
  16 yaks
  3 wraiths (D:9)
  3 hungry ghosts
  Edmund (D:4)
  2 orc warriors
  A hornet zombie (D:9)
  7 sky beasts
  2 black bears
  4 ogres
  A phantom (D:8)
  4 ice beasts
  8 centaurs
  A necrophage (D:7)
  5 wolves (Lair:1)
  A crocodile (D:11)
  A big kobold (D:11)
  8 bullfrogs
  3 scorpions
  A wyvern skeleton (D:9)
  6 killer bees (D:11)
  2 wights (D:9)
  3 howler monkeys
  5 crimson imps
  A bullfrog zombie (D:9)
  3 jellies
  A quasit (D:10)
  A centaur zombie (D:5)
  5 hounds
  9 orc priests
  A bullfrog skeleton (D:9)
  9 orc wizards
  4 centaur skeletons
  Jessica (D:2)
  11 worker ants
  3 hound zombies (D:9)
  2 hound skeletons
  2 worker ant zombies
  3 gnolls
  14 adders
  4 shadow imps
  2 oozes
  5 adder zombies
  3 adder skeletons
  A worm (D:2)
  2 dart slugs (D:2)
  4 leopard geckos
  36 orcs
  3 giant cockroaches
  4 goblins
  3 hobgoblins
  16 jackals
  3 quokkas
  2 ball pythons
  7 bats
  2 frilled lizards
  A jackal skeleton (D:5)
  14 kobolds
  A leopard gecko skeleton (D:4)
  2 quokka skeletons (D:4)
  8 rats
300 creatures vanquished.

Notes
Turn   | Place    | Note
-------+----------+-------------------------------------------
     0 | D:1      | inc the Mummy Fire Elementalist began the quest for the
                  | Orb.
     0 | D:1      | Reached XP level 1. HP: 13/13 MP: 4/4
   167 | D:1      | Reached XP level 2. HP: 19/19 MP: 2/5
  1268 | D:2      | Found a basalt altar of Yredelemnul.
  1268 | D:2      | Found a shadowy altar of Dithmenos.
  1280 | D:2      | Found a faded altar of an unknown god.
  1283 | D:2      | Noticed Sigmund
  1401 | D:2      | Reached XP level 3. HP: 24/24 MP: 5/7
  1441 | D:3      | Reached skill level 1 in Conjurations
  1563 | D:3      | Noticed a scorpion
  1598 | D:2      | Reached XP level 4. HP: 27/30 MP: 1/9
  1936 | D:2      | Noticed Jessica
  1942 | D:2      | Killed Jessica
  2417 | D:3      | Reached XP level 5. HP: 26/35 MP: 2/11
  2519 | D:3      | Found an opulent altar of Gozag.
  2612 | D:3      | Became a worshipper of Gozag Ym Sagoz the Greedy
  2705 | D:3      | Noticed an ice beast
  2710 | D:3      | Killed an ice beast
  2775 | D:3      | Reached XP level 6. HP: 40/42 MP: 8/13
  2967 | D:3      | Found a runed gate.
  2967 | D:3      | Found a runed gate.
  2971 | D:3      | Noticed Zorot's ghost (weakling DEFE)
  3000 | D:3      | Found a runed gate.
  3150 | D:4      | Found a staircase to the Ecumenical Temple.
  3168 | D:4      | Found a sacrificial altar of Ru.
  3335 | D:4      | Found a stormy altar of Qazlal.
  3371 | D:4      | Reached skill level 5 in Spellcasting
  3407 | D:4      | Found a hide-covered altar of Uskayaw.
  3429 | D:4      | Noticed a dagger
  3430 | D:4      | Noticed a dagger
  3493 | D:4      | Got a dazzling ring mail
  3510 | D:4      | Identified the cursed +0 ring mail "Muit Qibb" {rN+} (You
                  | found it on level 4 of the Dungeon)
  3539 | D:4      | Learned a level 3 spell: Conjure Flame
  3544 | D:4      | Learned a level 4 spell: Sticky Flame
  3548 | D:4      | Learned a level 3 spell: Inner Flame
  3690 | D:4      | Reached XP level 7. HP: 47/47 MP: 4/15
  3857 | D:4      | Found a bloodstained altar of Trog.
  3857 | D:4      | Noticed Edmund
  3866 | D:4      | Killed Edmund
  3964 | D:5      | Entered Level 5 of the Dungeon
  3993 | D:5      | Reached skill level 1 in Fighting
  4244 | D:5      | Reached XP level 8. HP: 33/54 MP: 10/18
  4393 | D:5      | Reached skill level 5 in Fire Magic
  5218 | D:4      | Found an ancient bone altar of Kikubaaqudgha.
  5218 | D:4      | Found an ornate altar of the Wu Jian Council.
  5221 | D:4      | Found a hazy altar of Hepliaklqana.
  5487 | D:6      | Found the +8 storm bow {elec}
  5837 | D:6      | Found a shimmering altar of Xom.
  6106 | D:6      | Reached skill level 1 in Bows
  6643 | D:7      | Reached skill level 2 in Bows
  6702 | D:7      | Reached skill level 3 in Bows
  6702 | D:7      | Reached XP level 9. HP: 60/60 MP: 20/20
  6792 | D:7      | Reached skill level 4 in Bows
  6920 | D:7      | Reached skill level 5 in Bows
  6929 | D:7      | Found a shattered altar of Ashenzari.
  7156 | D:7      | Noticed Joseph
  7167 | D:7      | Killed Joseph
  7167 | D:7      | Reached skill level 6 in Bows
  7602 | D:7      | Reached skill level 7 in Bows
  7860 | D:8      | Noticed Psyche
  7864 | D:8      | Paralysed by Psyche for 5 turns
  7867 | D:8      | Killed Psyche
  7867 | D:8      | Reached XP level 10. HP: 16/66 MP: 16/21
  8137 | D:8      | Found a glowing golden altar of the Shining One.
  8324 | D:8      | Found an iron altar of Okawaru.
  8463 | D:8      | Found a glowing golden altar of the Shining One.
  8691 | D:9      | Reached skill level 8 in Bows
  9128 | D:9      | Reached skill level 9 in Bows
  9208 | D:9      | Noticed a skeletal warrior
  9223 | D:9      | Killed a skeletal warrior
  9411 | D:9      | Reached skill level 10 in Bows
  9612 | D:9      | HP: 3/66 [flying skull (7)]
  9898 | D:9      | Found a staircase to the Lair.
 10233 | D:9      | Noticed Josephine
 10253 | D:8      | Reached XP level 11. HP: 42/71 MP: 15/22
 10423 | D:10     | Entered Level 10 of the Dungeon
 10499 | D:10     | Noticed a two-headed ogre
 10503 | D:10     | Killed a two-headed ogre
 10503 | D:10     | Reached skill level 11 in Bows
 10546 | D:10     | Found a large runed door.
 10550 | D:10     | Noticed Friendofdean's ghost (novice DsFi)
 10551 | D:10     | Found a large runed door.
 11349 | D:11     | Reached skill level 12 in Bows
 11713 | D:11     | Noticed a white ugly thing
 11717 | D:11     | Noticed a red ugly thing
 11778 | Lair:1   | Entered Level 1 of the Lair of Beasts
 12685 | D:11     | Killed a red ugly thing
 12805 | D:11     | Killed a purple ugly thing
 13013 | D:11     | Reached skill level 13 in Bows
 13552 | D:12     | Got a translucent lapis lazuli ring
 13572 | D:12     | Noticed Erolcha
 13654 | D:12     | Slain by a troll

Skill      XL: |  1  2  3  4  5  6  7  8  9 10 11 |
---------------+----------------------------------+-----
Spellcasting   | 3 4 5 6 7 |  7.7
Conjurations   | 1 2 3 4 |  4.8
Fire Magic     | 3 4 5 |  5.5
Stealth        | 2 |  2.7
Dodging        | 2 |  2.3
Fighting       | 1 |  1.6
Bows           | 3 7 10 13 | 13.1
Short Blades   | |  0.8

Action                   |  1- 3 |  4- 6 |  7- 9 | 10-12 || total
-------------------------+-------+-------+-------+-------++-------
Melee: Short sword       |     8 |    10 |     2 |       ||    20
       Longbow           |       |       |       |     3 ||     3
 Fire: Longbow           |       |       |    90 |   391 ||   481
 Cast: Flame Tongue      |    53 |    95 |   129 |     4 ||   281
       Sticky Flame      |       |     1 |    11 |    20 ||    32
       Conjure Flame     |       |       |     1 |    15 ||    16
Invok: Potion Petition   |       |       |       |     2 ||     2
  Use: Scroll            |     2 |     4 |       |     5 ||    11
Armor: Robe              |     3 |     7 |    10 |    29 ||    49
Dodge: Dodged            |    32 |    25 |    41 |    68 ||   166
